 Dungeon Crawl Stone Soup version 0.22.0 (webtiles) character file.

1112 Frostfox the Shield-Bearer (level 8, 0/67 HPs)
             Began as a Gnoll Fighter on Aug 23, 2018.
             Slain by Pikel
             ... wielding a +0 whip of electrocution
              (18 damage)
             ... on level 6 of the Dungeon.
             The game lasted 00:10:56 (4899 turns).

Frostfox the Shield-Bearer (Gnoll Fighter)          Turns: 4899, Time: 00:10:57

Health: 0/67       AC: 17    Str: 18    XL:     8   Next: 33%
Magic:  12/12      EV:  6    Int: 11    God:
Gold:   195        SH: 11    Dex: 17    Spells: 13/13 levels left

rFire    . . .     SeeInvis .   w - +2 flail (crush)
rCold    + . .     Gourm    .   c - +0 shield
rNeg     . . .     Faith    .   g - +0 plate armour
rPois    .         Spirit   .   (no helmet)
rElec    .         Reflect  .   p - +0 cloak
rCorr    .         Harm     .   k - +0 pair of gloves {archery}
MR       .....                  u - +0 pair of boots
Stlth    ..........             (no amulet)
HPRegen  0.21/turn              o - ring of protection from cold
MPRegen  0.13/turn              (no ring)

@: no status effects
A: distributed training, fangs 1, strong nose
a: no special abilities


You were on level 6 of the Dungeon.
You were hungry.

You visited 1 branch of the dungeon, and saw 6 of its levels.

You collected 330 gold pieces.
You spent 135 gold pieces at shops.

Inventory:

Hand Weapons
 a - a +0 long sword
 h - a +0 hunting sling
 w - a +2 flail of crushing (weapon)
 y - a +0 short sword of draining
 B - a +0 blowgun
Missiles
 e - 152 stones (quivered)
 t - 69 arrows
 v - 3 throwing nets
 C - 2 poisoned needles
 I - 16 bolts
Armour
 b - a +0 scale mail
 c - a +0 shield (worn)
 g - a +0 plate armour (worn)
 k - a +0 pair of gloves of archery (worn)
 l - a +0 cloak of invisibility
 p - a +0 cloak (worn)
 u - a +0 pair of boots (worn)
 D - a -1 pair of gloves
 E - a +1 scale mail of positive energy
Jewellery
 o - a ring of protection from cold (left hand)
Wands
 z - a wand of acid (6)
 K - a wand of scattershot (4)
Scrolls
 i - 5 scrolls of teleportation
 m - 2 scrolls of fear {unknown}
 q - 2 scrolls of amnesia {unknown}
 r - 3 scrolls of enchant armour {unknown}
 s - a scroll of magic mapping {unknown}
 x - 2 scrolls of enchant weapon {unknown}
 F - 2 scrolls of immolation {unknown}
 L - 5 scrolls of identify
Potions
 d - 2 potions of might
 n - 2 potions of curing {unknown}
 A - a potion of haste {unknown}
 G - a potion of magic {unknown}
 H - a potion of cancellation {unknown}
 J - a potion of flight {unknown}
 M - a potion of heal wounds
Comestibles
 f - 12 rations


   Skills:
 + Level 7.3 Fighting
 + Level 3.1 Short Blades
 + Level 5.6 Long Blades
 + Level 3.1 Axes
 + Level 3.1 Maces & Flails
 + Level 3.1 Polearms
 + Level 3.1 Staves
 + Level 3.1 Slings
 + Level 3.1 Bows
 + Level 3.1 Crossbows
 + Level 3.1 Throwing
 + Level 7.3 Armour
 + Level 3.1 Dodging
 + Level 3.1 Stealth
 + Level 7.3 Shields
 + Level 3.1 Unarmed Combat
 + Level 3.1 Spellcasting
 + Level 2.5 Conjurations
 + Level 2.5 Hexes
 + Level 2.5 Charms
 + Level 2.5 Summonings
 + Level 2.5 Necromancy
 + Level 2.5 Translocations
 + Level 2.5 Transmutations
 + Level 2.5 Fire Magic
 + Level 2.5 Ice Magic
 + Level 2.5 Air Magic
 + Level 2.5 Earth Magic
 + Level 2.5 Poison Magic
 + Level 3.4 Invocations
 + Level 3.1 Evocations


You had 13 spell levels left.
You didn't know any spells.
Your spell library contained the following spells:

 Spells                   Type           Power        Failure   Level  Hunger
 Magic Dart               Conj           #...         100%        1    #......
 Conjure Flame            Conj/Fire      #.......     100%        3    ###....
 Slow                     Hex            #.......     100%        2    ###....
 Mephitic Cloud           Conj/Pois/Air  #.......     100%        3    ###....
 Blink                    Tloc           N/A          100%        2    ###....
 Call Imp                 Summ           #.......     100%        2    ###....


Dungeon Overview and Level Annotations

Branches:
Dungeon (6/15)
 Temple: D:4-7

Altars:
Ashenzari
Gozag
Makhleb

Shops:
D:5 *

Annotations:
D:4 3 runed doors, spsoon's ghost, amateur VSAE
D:6 Pikel


Innate Abilities, Weirdness & Mutations

Your experience applies equally to all skills.
You have very sharp teeth.
Your uncanny sense of smell can sniff out nearby items.


Message History

You hit Pikel. You bite Pikel, but do no damage.
Pikel is heavily wounded.
You block Pikel's attack.
Pikel cracks his whip.
Pikel barely misses you.
You hit Pikel but do no damage.
Pikel is heavily wounded.
Pikel barely misses you.
You barely miss Pikel.
Pikel is heavily wounded.
You block Pikel's attack.
You barely miss Pikel.
Pikel is heavily wounded.
You block Pikel's attack. x2
You closely miss Pikel.
Pikel is heavily wounded.
Pikel hits you with a whip of electrocution.
* * * LOW HITPOINT WARNING * * *
You are electrocuted!
You die...

∆ #..........#
#..........#.....
#..........+....
#..........#...#
#..........#...#
#..........#...#
#..........#...#
#.........p#...+
#........ppK@..#
#.........p#...#
#..........#+###
#........p.#
#.......p..+
#..........#
#..[.......#
#..........#
#...........


You could see Pikel and 4 slaves.

Vanquished Creatures
  Sigmund (D:5)
  A necrophage (D:5)
  A phantom (D:4)
  2 ogres
  Blork the orc (D:5)
  A scorpion (D:5)
  A water moccasin skeleton (D:5)
  A crimson imp (D:5)
  A hound (D:5)
  2 orc wizards (D:3)
  A worker ant (D:5)
  A hound skeleton (D:4)
  A worker ant zombie (D:5)
  10 gnolls
  4 adders
  A shadow imp (D:5)
  4 oozes
  An adder zombie (D:5)
  4 worms
  A dart slug (D:1)
  3 leopard geckos
  17 orcs
  2 giant cockroaches
  14 hobgoblins
  5 jackals
  6 bats
  A frilled lizard (D:1)
  12 goblins
  6 kobolds
  A leopard gecko zombie (D:5)
  5 rats
112 creatures vanquished.

Notes
Turn   | Place    | Note
-------+----------+-------------------------------------------
     0 | D:1      | Frostfox the Gnoll Fighter began the quest for the Orb.
     0 | D:1      | Reached XP level 1. HP: 23/23 MP: 1/1
    13 | D:1      | Reached XP level 2. HP: 24/29 MP: 2/2
   155 | D:1      | Reached XP level 3. HP: 35/35 MP: 3/3
   796 | D:2      | Reached skill level 1 in Invocations
   860 | D:2      | Found a shattered altar of Ashenzari.
   897 | D:2      | Reached skill level 1 in Short Blades
   897 | D:2      | Reached skill level 1 in Axes
   897 | D:2      | Reached skill level 1 in Maces & Flails
   897 | D:2      | Reached skill level 1 in Polearms
   897 | D:2      | Reached skill level 1 in Staves
   897 | D:2      | Reached skill level 1 in Slings
   897 | D:2      | Reached skill level 1 in Bows
   897 | D:2      | Reached skill level 1 in Crossbows
   897 | D:2      | Reached skill level 1 in Throwing
   897 | D:2      | Reached skill level 1 in Dodging
   897 | D:2      | Reached skill level 1 in Stealth
   897 | D:2      | Reached skill level 1 in Unarmed Combat
   897 | D:2      | Reached skill level 1 in Spellcasting
   897 | D:2      | Reached skill level 1 in Evocations
   918 | D:2      | Reached XP level 4. HP: 25/41 MP: 5/5
  1806 | D:2      | Reached skill level 1 in Conjurations
  1806 | D:2      | Reached skill level 1 in Hexes
  1806 | D:2      | Reached skill level 1 in Charms
  1806 | D:2      | Reached skill level 1 in Summonings
  1806 | D:2      | Reached skill level 1 in Necromancy
  1806 | D:2      | Reached skill level 1 in Translocations
  1806 | D:2      | Reached skill level 1 in Transmutations
  1806 | D:2      | Reached skill level 1 in Fire Magic
  1806 | D:2      | Reached skill level 1 in Ice Magic
  1806 | D:2      | Reached skill level 1 in Air Magic
  1806 | D:2      | Reached skill level 1 in Earth Magic
  1806 | D:2      | Reached skill level 1 in Poison Magic
  2032 | D:3      | Reached XP level 5. HP: 46/47 MP: 5/7
  2776 | D:3      | Found an opulent altar of Gozag.
  3027 | D:3      | Reached XP level 6. HP: 21/53 MP: 8/8
  3239 | D:4      | Noticed a phantom
  3247 | D:4      | Reached skill level 5 in Long Blades
  3260 | D:4      | Killed a phantom
  3600 | D:4      | Found a runed gate.
  3600 | D:4      | Found a runed gate.
  3600 | D:4      | Found a runed gate.
  3603 | D:4      | Noticed spsoon's ghost (amateur VSAE)
  3748 | D:5      | Entered Level 5 of the Dungeon
  3853 | D:5      | Reached XP level 7. HP: 55/59 MP: 10/10
  3884 | D:5      | Found a burning altar of Makhleb.
  4043 | D:5      | Noticed Blork the orc
  4060 | D:5      | Killed Blork the orc
  4317 | D:5      | Reached XP level 8. HP: 31/67 MP: 12/12
  4582 | D:5      | Noticed Sigmund
  4589 | D:5      | Killed Sigmund
  4654 | D:5      | Found Ripegrao's Assorted Antiques.
  4670 | D:5      | Bought a potion of heal wounds for 135 gold pieces
  4875 | D:6      | Noticed Pikel
  4899 | D:6      | Slain by Pikel

Skill      XL: |  1  2  3  4  5  6  7  8 |
---------------+-------------------------+-----
Invocations    | 1 2 3 |  3.4
Short Blades   | 1 2 3 |  3.1
Axes           | 1 2 3 |  3.1
Maces & Flails | 1 2 3 |  3.1
Polearms       | 1 2 3 |  3.1
Staves         | 1 2 3 |  3.1
Slings         | 1 2 3 |  3.1
Bows           | 1 2 3 |  3.1
Crossbows      | 1 2 3 |  3.1
Throwing       | 1 2 3 |  3.1
Dodging        | 1 2 3 |  3.1
Stealth        | 1 2 3 |  3.1
Unarmed Combat | 1 2 3 |  3.1
Spellcasting   | 1 2 3 |  3.1
Evocations     | 1 2 3 |  3.1
Conjurations   | 1 2 |  2.5
Hexes          | 1 2 |  2.5
Charms         | 1 2 |  2.5
Summonings     | 1 2 |  2.5
Necromancy     | 1 2 |  2.5
Translocations | 1 2 |  2.5
Transmutations | 1 2 |  2.5
Fire Magic     | 1 2 |  2.5
Ice Magic      | 1 2 |  2.5
Air Magic      | 1 2 |  2.5
Earth Magic    | 1 2 |  2.5
Poison Magic   | 1 2 |  2.5
Long Blades    | 5 |  5.6
Fighting       | 7 |  7.3
Armour         | 7 |  7.3
Shields        | 7 |  7.3

Action                   |  1- 3 |  4- 6 |  7- 9 || total
-------------------------+-------+-------+-------++-------
Melee: Long sword        |    86 |    11 |       ||    97
       Bite              |    11 |    18 |    18 ||    47
       Flail             |       |   157 |    97 ||   254
  Use: Scroll            |       |     4 |       ||     4
       Potion            |       |       |     3 ||     3
  Eat: Chunk             |       |     6 |     3 ||     9
       Ration            |       |     1 |       ||     1
Armor: Scale mail        |    44 |     3 |       ||    47
       Plate armour      |       |    91 |    41 ||   132
Dodge: Dodged            |    30 |    24 |    17 ||    71
Block: Shield            |    47 |   107 |    59 ||   213
       Rpst.: Long sword |    15 |       |       ||    15
